Unix xNetHack Version 7.1.0 - last build Jun 10 2022 16:52:22 (33bbff3b7d1ce07880d5c4b1c5efc7e91935e5b9). Game began 2022-07-01 12:20:34, ended 2022-07-01 16:09:21. elenmirie, neutral female human Tourist ----- |...| |...| -------- |...| |.>....| |....# ------.---|--- |......| ---|-# o....r.%)..o@| |......| ##### #-%...........| ##.......| # # #|............| # -------- # # #|............| # # # --.--- ##|............| #### ########.....| # -------------- -------# ----.- # |....| # |......# # ####|....| |....| ## |....%| ###########..<..| |....| # |.....-########## |..~(| |(...| # ------- ------ +....-## ------ Elenmirie the Sightseer St:13 Dx:11 Co:16 In:14 Wi:10 Ch:13 Neutral Dlvl:5 $:170 HP:0(38) Pw:26(26) AC:4 Xp:5/248 T:3578 Burdened Latest messages: The hill orc thrusts her crude dagger. The hill orc jabs you! You whack the hill orc. The hill orc swings her curved sword. The hill orc hits you! The hill orc hits! The hill orc throws a crude dagger! The crude dagger hits the hill orc. The hill orc is killed! The hill orc punches you! Are you sure you want to pray? [yn] (n) y You begin praying to The Lady. You are surrounded by a shimmering light. The hill orc starts to attack you, but pulls back. The hill orc starts to attack you, but pulls back. The hill orc starts to attack you, but pulls back. You finish your prayer. You feel that The Lady is well-pleased. You feel much better. The hill orc misses! The hill orc hits! You smack the hill orc! The hill orc punches you! You miss the hill orc. The hill orc punches you! The hill orc punches you! You brain the hill orc. The hill orc misses! The hill orc punches you! The hill orc punches you! The hill orc punches you! The hill orc punches you! You brain the hill orc. The hill orc punches you! The hill orc punches you! You smack the hill orc! The hill orc punches you! You smack the hill orc. The hill orc punches you! The hill orc punches you! You kill the hill orc! The hill orc just misses! You hit the hill orc! The hill orc punches you! You die... Do you want your possessions identified? [ynq] (y) y Do you want to see your attributes? [ynq] (y) y Do you want an account of creatures vanquished? [ynaq] (y) y Do you want to see your conduct and achievements? [ynq] (y) y Do you want to see the dungeon overview? [ynq] (y) y Major events: Turn 1: elenmirie the neutral female human Tourist entered the dungeon 599: attained the rank of Sightseer (level 3) 3578: killed by a hill orc Inventory: Inventory: 778/775 weight (29/52 slots) Coins $ - 170 gold pieces {2} Weapons a - 39 uncursed +2 darts (at the ready) {39} v - an uncursed +0 elven dagger {10} s - an uncursed +0 bone orcish dagger {3} z - an uncursed +0 silver morning star (weapon in hand) {135} Armor y - an uncursed +0 helm of brilliance (being worn) {38} l - an uncursed +0 pair of low boots (being worn) {8} k - an uncursed +0 Hawaiian shirt with a water nymph motif (being worn) {4} A - an uncursed +1 leather studded armor (being worn) {150} Comestibles d - 6 uncursed food rations {120} f - an uncursed sprig of wolfsbane {1} g - an uncursed tripe ration {10} Scrolls K - a blessed scroll of confuse monster {5} J - an uncursed scroll of fire {5} C - an uncursed scroll of identify {5} j - 4 uncursed scrolls of magic mapping {20} H - an uncursed scroll of remove curse {5} Potions i - 2 uncursed potions of extra healing {40} F - an uncursed potion of fruit juice {20} Q - an uncursed potion of hallucination {20} t - 2 uncursed potions of healing {40} D - 2 uncursed potions of levitation {40} w - an uncursed potion of water {20} Rings o - an uncursed ring of protection from shape changers {3} q - an uncursed ring of warning {3} Wands L - an uncursed wand of digging (0:7) {7} u - an uncursed wand of light (0:12) {7} Tools n - an uncursed credit card {1} m - an uncursed expensive camera (0:49) {12} x - an uncursed towel {5} Elenmirie the Tourist's attributes: Background: You were a Sightseer, a level 5 female human Tourist. You were neutral, on a mission for The Lady who was opposed by Blind Io (lawful) and Offler (chaotic). You were heterosexual. You were in the Dungeons of Doom, on level 5. You entered the dungeon 3578 turns ago. There was a new moon in effect when your adventure ended. You had 248 experience points, 72 more were needed to attain level 6. Basics: You had 0 out of 38 hit points. You had all 26 energy points (spell power). Your armor class was 4. Your wallet contained 170 zorkmids. Autopickup was on for '$' plus thrown. Final Characteristics: Your strength was 13 (limit:18/100). Your dexterity was 11 (limit:18). Your constitution was 16 (limit:18). Your intelligence was 14 (limit:18). Your wisdom was 10 (limit:18). Your charisma was 13 (limit:18). Final Status: You were not hungry. You were burdened; movement was slightly slowed. You were wielding a morning star. You had basic skill with morning star. Final Attributes: You were piously aligned. You were telepathic. You were warded. You were lucky. You are dead. Miscellaneous: You never encountered a bones level. Total elapsed playing time was 43 minutes and 6 seconds. Vanquished creatures: a leprechaun a rock mole a giant ant 2 floating eyes a kobold leader a kobold shaman 3 hill orcs a rothe 2 giant bats an iguana 3 gas spores a hobbit 3 giant rats 2 yellow molds a garter snake 2 geckos a jackal a kobold 3 goblins 3 sewer rats 4 grid bugs 6 lichens 9 newts 53 creatures vanquished. No species were genocided or became extinct. Voluntary challenges: You read items or engraved 3 times. You never genocided any monsters. You never polymorphed an object. You never changed form. You never touched an artifact. You used no wishes. You never owned a pet. You never scared an enemy with impunity. You were celibate. You never generated conflict. Achievements: You attained the rank of Sightseer. You entered a shop. The Dungeons of Doom: levels 1 to 5 Level 1: An altar to The Lady. Level 2: An armor shop, a fountain. Level 3: Level 4: A general store, an altar to The Lady, a fountain. Level 5: <- You were here. Final resting place for you, killed by a hill orc. Game over: __________ / \ / REST \ / IN \ / PEACE \ / \ | elenmirie | | 170 Au | | killed by a hill | | orc | | | | | | 2022 | *| * * * | * _________)/\\_//(\/(/\)/\//\/|_)_______ Aloha elenmirie the Tourist... You died in The Dungeons of Doom on dungeon level 5 with 1212 points, and 170 pieces of gold, after 3578 moves. You were level 5 with a maximum of 38 hit points when you died.